AoeStats
← Andraste

Nomad

507970596Analyzed
2v2 RM · 13d ago on Sep 20, 2026· 60m 44s· 4 players
Game mode
Random Map
Map size
176×176
Population
200
Speed
Normal
Resources
Standard
Victory
Conquest
Starting age
Dark Age
Ending age
Imperial Age
RankedLock teamsTeams togetherTeam positionsShared explorationLock speedFull tech treeHidden civsTurbo modeCheats
Victory
Defeat
🇺🇸 Britons · United States
1412
+18
🇺🇸 Aztecs · United States
1401
+18
🇨🇭 Wei · Switzerland
1467
-19
🇨🇭 Teutons · Switzerland
1434
-17
[PSCH] wolverito
6:46 Loom
14:35 Feudal Age
16:37 Double-Bit Axe
19:00 Castle Age
18:57 Forging
20:24 Medium Warships
21:07 Bow Saw
23:01 Scale Barding Armor
23:46 Bloodlines
24:36 Gold Mining
25:41 Chain Barding Armor
28:39 Iron Casting
29:12 Fletching
39:48 Horse Collar
45:22 Imperial Age
47:48 Blast Furnace
48:26 Heavy Hei Guang Cavalry
49:22 Bodkin Arrow
55:58 Elite Skirmisher
60:32 Padded Archer Armor
ChnebelSchnägg
5:17 Loom
12:52 Feudal Age
15:31 Fletching
16:36 Double-Bit Axe
23:23 Castle Age
25:21 Wheelbarrow
38:33 Horse Collar
42:43 Hand Cart
43:45 Bodkin Arrow
44:19 Bow Saw
45:25 Heavy Plow
48:50 Imperial Age
46:54 Scale Barding Armor
48:26 Bloodlines
49:38 Ballistics
49:16 Capped Ram
49:43 Onager
52:51 Siege Engineers
58:40 Chemistry
Andraste
9:23 Loom
14:27 Feudal Age
18:27 Castle Age
17:38 Fletching
20:03 Bodkin Arrow
21:43 Double-Bit Axe
30:26 Wheelbarrow
30:25 Ballistics
37:09 Town Watch
40:14 Hand Cart
45:26 Imperial Age
44:35 Horse Collar
46:27 Bracer
46:28 Padded Archer Armor
46:53 Conscription
47:04 Gold Mining
49:33 Elite Longbowman
51:51 Chemistry
51:35 Hoardings
52:13 Leather Archer Armor
57:33 Scale Barding Armor
57:59 Ring Archer Armor
58:20 Yeomen
57:45 Light Cavalry
60:40 Husbandry
61:04 Chain Barding Armor
60:56 Forging
61:30 Forging
Dromophobia
5:25 Loom
12:47 Feudal Age
15:09 Double-Bit Axe
15:20 Fishing Lines
17:40 Town Watch
19:55 Wheelbarrow
24:58 Castle Age
22:40 Horse Collar
25:52 Gillnets
26:16 Medium Warships
26:01 Fletching
26:30 Bow Saw
28:00 Bodkin Arrow
29:33 Scale Mail Armor
34:16 Sanctity
37:02 Guard Tower
37:33 Ballistics
41:25 Imperial Age
40:07 Chain Mail Armor
40:07 Heavy Plow
42:12 Bracer
43:45 Pikeman
46:37 Plate Mail Armor
47:08 Heavy Plow
48:23 Forging
49:52 Hand Cart
50:19 Conscription
50:36 Squires
50:22 Arson
51:17 Iron Casting
51:19 Eagle Warrior
53:33 Elite Eagle Warrior
57:54 Blast Furnace
58:19 Chemistry
57:21 Stone Mining
57:23 Gold Mining
58:12 Garland Wars
58:27 Siege Engineers
58:14 Arrowslits
59:26 Stone Shaft Mining
59:27 Gold Shaft Mining
60:22 Devotion
61:22 Crop Rotation
Connection lost

Rejoining the realm…

Still unreachable

The connection could not be restored.

Session expired

The server has moved on; the page needs a fresh start.